 Dungeon Sprint DCSS version 0.30-a0-867-g305f33218d (webtiles) character file.

Game seed: 15450495828907189062

21862 BigDaddyOpFi the Champion of Chaos (level 12, -17/124 HPs)
             Began as a Hill Orc Fighter on Mar 10, 2023.
             Was the Champion of Makhleb.
             Shot with an arrow by a deep elf master archer (26 damage)
             ... in the Dungeon (Sprint VII: "The Pits").
             The game lasted 00:06:38 (2173 turns).

BigDaddyOpFi the Champion of Chaos (HOFi)           Turns: 2173, Time: 00:06:39

Health: -17/124    AC: 24    Str: 31    XL:     12   Next: 94%
Magic:  27/28      EV:  6    Int: 11    God:    Makhleb [******]
Gold:   0          SH:  7    Dex:  9    Spells: 11/11 levels left

rFire   + + +      SeeInvis .    p - +1 broad axe (freeze)
rCold   . . .      Faith    +    c - +0 buckler
rNeg    . . .      Spirit   .    l - +6 chain mail
rPois   .          Reflect  .    m - +0 helmet
rElec   .          Rampage  .    n - +0 cloak
rCorr   .          NoTele   +    o - +0 pair of gloves
Will    .....                    (no boots) Stlth
                                 s - amulet "Zeagge" {Faith rF+++ Will- Str+7 Dex-4}
HPRegen 0.40/turn                f - +3 ring of intelligence
MPRegen 0.21/turn                g - +3 ring of dexterity

@: lethally poisoned (-17 -> -26), constricted
A: no striking features
a: Renounce Religion, Minor Destruction, Lesser Servant of Makhleb, Major
Destruction, Greater Servant of Makhleb


You were in the Dungeon.
You worshipped Makhleb.
Makhleb was exalted by your worship.
You visited 1 branch

Inventory:

Hand Weapons
 p - a +1 broad axe of freezing (weapon)
Armour
 c - a +0 buckler (worn)
 l - a +6 chain mail (worn)
 m - a +0 helmet (worn)
 n - a +0 cloak (worn)
 o - a +0 pair of gloves (worn)
Jewellery
 a - a ring of protection from fire
 f - a +3 ring of intelligence (left hand)
 g - a +3 ring of dexterity (right hand)
 r - a ring of fire
 s - the amulet "Zeagge" (around neck) {Faith rF+++ Will- Str+7 Dex-4}
   (You found it in the Dungeon)

   [amulet of faith]

   It allows you to gain divine favour quickly.
   Str:       It affects your strength (+7).
   Dex:       It affects your dexterity (-4).
   rF:        It renders you almost immune to fire.
   Will:      It decreases your willpower.
Scrolls
 b - a scroll of magic mapping
 u - 4 scrolls of blinking
 v - 2 scrolls of identify
 w - a scroll of fear
 x - a scroll of fog
Potions
 d - 8 potions of heal wounds
 e - 4 potions of curing
 h - 4 potions of magic
 i - 4 potions of berserk rage
 j - a potion of resistance
 k - 2 potions of invisibility
 t - 2 potions of brilliance


   Skills:
 + Level 16.6 Fighting
 + Level 17.8 Axes
 + Level 15.3 Armour
 + Level 15.3 Shields
 * Level 24.1 Invocations


You had 11 spell levels left.
You didn't know any spells.
Your spell library contained the following spells:

 Spells                   Type           Power      Damage    Failure   Level
 Sting                    Tmut/Pois      0%         1d3       77%         1
 Ozocubu's Armour         Ice            0%         N/A       98%         3
 Olgreb's Toxic Radiance  Pois           0%         N/A       100%        4
 Alistair's Intoxication  Tmut/Pois      0%         N/A       100%        5


Dungeon Overview and Level Annotations

Branches:
Dungeon (1/1)

Altars:
Ashenzari
Cheibriados
Dithmenos
Elyvilon
Fedhas
Gozag
Hepliaklqana
Kikubaaqudgha
Makhleb
Nemelex Xobeh
Okawaru
Qazlal
Ru
Sif Muna
Trog
Uskayaw
Vehumet
Wu Jian
Xom
Yredelemnul
Zin
The Shining One
Beogh
Jiyva
Lugonu


Message History

The death cob is destroyed!
Makhleb accepts your kill.
The naga mage points at you and mumbles some strange words.
The bolt of poison hits the cherub.
The cherub is poisoned.
The bolt of poison hits you!
You are poisoned.
Your Invocations skill increases to level 24!
The cherub blocks your attack.
The cherub is severely wounded.
You feel very sick. The cherub blocks your balrug's attack.
Your cacodemon hits the cherub!
The cherub dies!
Makhleb accepts your kill. The naga mage spits poison at you.
The splash of poison hits you but does no damage.
You are more poisoned.
The deep elf master archer wields a +0 longbow.
The deep elf master archer shoots an arrow.
The arrow barely misses you.
You feel very sick.
Your balrug gestures at the naga mage.
The naga mage is smitten.
The deep elf master archer shoots an arrow.
The arrow hits you!!
* * * LOW HITPOINT WARNING * * *
You block the naga mage's attack. The naga mage grabs you.
The naga mage constricts you.
* * * LOW HITPOINT WARNING * * *
The deep elf master archer shoots an arrow.
The arrow hits you!
* * * LOW HITPOINT WARNING * * *
There is an open door, spattered with blood here.
Items here: )) [[.
You barely miss the deep elf master archer.
You slash the naga mage! You freeze the naga mage.
* * * LOW HITPOINT WARNING * * *
You feel sick.
The deep elf master archer shoots an arrow.
The arrow hits you!!
You die...

+..........# +..........#
#..#....#..# #..........+
#..........+ ###''####''#
###''####''#########
#222...##......[....
#.#@##.##..†........
#.#eN+.##..######### #
'N.# ##..# .#).+ #..#
#++###########.+:.# #..#
........##..## ##+# #..#
.#......##..# #).#
........''..# #..#
........'†).##########..#


You could see a deep elf master archer (ally target), a naga mage (ally target),
a naga, a friendly cacodemon (summoned) and 2 friendly balrugs.

Vanquished Creatures
  An emperor scorpion (D)
  An ettin (D)
  A hydra (D)
  2 hell hogs (D)
  Maurice (D)
  A black mamba (D)
  An elephant (D)
  An orange demon (D)
  A demonic crawler (D)
  An efreet (D)
  A polar bear (D)
  2 blink frogs (D)
  A wyvern (D)
  A vampire mosquito (D)
  A naga (D)
  3 wargs (D)
  2 water moccasins (D)
  4 floating eyes (D)
  2 black bears (D)
  An ogre (D)
  A phantom (D)
  A necrophage (D)
  2 killer bees (D)
  An orc wizard (D)
  A mummy (D)
  2 gnolls (D)
  An adder simulacrum (D)
  2 orcs (D)
  An endoplasm (D)
  A hobgoblin (D)
  5 jackals (D)
  A ball python zombie (D)
  A bat (D)
  A quokka zombie (D)
50 creatures vanquished.

Vanquished Creatures (collateral kills)
  A death cob (D)
  A vampire knight (D)
  An ogre mage (D)
  3 two-headed ogres (D)
  A centaur warrior (D)
  A death yak (D)
  A hell hog (D)
  2 vampire magi (D)
  A large abomination (D)
  A cherub (D)
  A flayed ghost (D)
  A lindwurm (D)
  A deep elf pyromancer (D)
  A black mamba (D)
  3 molten gargoyles (D)
  A rust devil (D)
  2 unseen horrors (D)
  A merfolk (D)
  A hellwing (D)
  A polar bear (D)
  2 blink frogs (D)
  A jumping spider (D)
  A ynoxinul (D)
  A fire elemental (D)
  4 yaks (D)
  A steam dragon (D)
  5 vampire mosquitoes (D)
  A redback (D)
  A water moccasin (D)
  2 ogres (D)
  A gnoll sergeant (D)
  3 killer bees (D)
  An orc priest (D)
  An iron imp (D)
  2 orc wizards (D)
  4 gnolls (D)
  3 orcs (D)
  2 jackals (D)
62 creatures vanquished.

Vanquished Creatures (others)
  2 vampire mosquitoes (D)
  An adder zombie (D)
  A rat (D)
4 creatures vanquished.

Grand Total: 116 creatures vanquished

Notes
Turn   | Place    | Note
-------+----------+-------------------------------------------
     0 | D        | BigDaddyOpFi the Hill Orc Fighter began the quest for the
                  | Orb.
     0 | D        | Reached XP level 1. HP: 19/19 MP: 1/1
     8 | D        | Noticed a floating eye
    10 | D        | Paralysed by a floating eye for 4 turns
    16 | D        | Killed a floating eye
    17 | D        | Reached skill level 5 in Fighting
    17 | D        | Reached skill level 5 in Axes
    17 | D        | Reached skill level 5 in Armour
    17 | D        | Reached skill level 5 in Shields
    17 | D        | Reached skill level 6 in Invocations
    17 | D        | Reached XP level 2. HP: 29/29 MP: 1/6
    17 | D        | Reached XP level 3. HP: 36/36 MP: 1/7
    17 | D        | Reached XP level 4. HP: 42/42 MP: 1/8
    21 | D        | Found a bloodstained altar of Trog.
    21 | D        | Found a shimmering blue altar of Sif Muna.
    21 | D        | Found a viscous altar of Jiyva.
    21 | D        | Found a hazy altar of Hepliaklqana.
    21 | D        | Found an opulent altar of Gozag.
    22 | D        | Found a glowing golden altar of the Shining One.
    22 | D        | Found a glowing silver altar of Zin.
    22 | D        | Found a basalt altar of Yredelemnul.
    22 | D        | Found a shimmering altar of Xom.
    22 | D        | Found an ornate altar of the Wu Jian Council.
    22 | D        | Found a sacrificial altar of Ru.
    22 | D        | Found a stormy altar of Qazlal.
    22 | D        | Found an iron altar of Okawaru.
    22 | D        | Found a sparkling altar of Nemelex Xobeh.
    22 | D        | Found a burning altar of Makhleb.
    22 | D        | Found a blossoming altar of Fedhas.
    22 | D        | Found a white marble altar of Elyvilon.
    22 | D        | Found a shadowy altar of Dithmenos.
    22 | D        | Found a snail-covered altar of Cheibriados.
    25 | D        | Found a corrupted altar of Lugonu.
    25 | D        | Found a radiant altar of Vehumet.
    25 | D        | Found a roughly hewn altar of Beogh.
    26 | D        | Found an ancient bone altar of Kikubaaqudgha.
    26 | D        | Found a hide-covered altar of Uskayaw.
    26 | D        | Found a broken altar of Ashenzari.
    34 | D        | Became a worshipper of Makhleb the Destroyer
    87 | D        | Noticed a floating eye
    90 | D        | Killed a floating eye
    91 | D        | Reached skill level 8 in Invocations
    91 | D        | Reached XP level 5. HP: 51/51 MP: 8/11
    91 | D        | Reached * piety under Makhleb
   116 | D        | Noticed a floating eye
   118 | D        | Paralysed by a floating eye for 2 turns
   120 | D        | Killed a floating eye
   121 | D        | Reached skill level 9 in Invocations
   121 | D        | Reached XP level 6. HP: 52/60 MP: 11/13
   123 | D        | Reached ** piety under Makhleb
   247 | D        | Noticed a floating eye
   250 | D        | Killed a floating eye
   250 | D        | Reached *** piety under Makhleb
   251 | D        | Reached skill level 10 in Invocations
   305 | D        | Noticed a water moccasin
   307 | D        | Noticed a water moccasin
   308 | D        | Noticed a black bear
   312 | D        | Noticed a warg
   316 | D        | Killed a water moccasin
   317 | D        | Reached skill level 11 in Invocations
   317 | D        | Reached XP level 7. HP: 56/68 MP: 15/15
   332 | D        | Reached skill level 12 in Invocations
   334 | D        | Reached **** piety under Makhleb
   343 | D        | Killed a warg
   344 | D        | Reached XP level 8. HP: 42/78 MP: 17/17
   567 | D        | Reached skill level 13 in Invocations
   569 | D        | Noticed a demonic crawler
   577 | D        | HP: 3/78 [demonic crawler (6)]
   618 | D        | Killed a demonic crawler
   619 | D        | Reached skill level 10 in Axes
  1003 | D        | Reached skill level 14 in Invocations
  1014 | D        | Reached ***** piety under Makhleb
  1023 | D        | Reached skill level 10 in Fighting
  1253 | D        | Noticed a lindwurm
  1259 | D        | Reached XP level 9. HP: 51/85 MP: 18/20
  1259 | D        | Killed a lindwurm
  1260 | D        | Reached skill level 10 in Shields
  1260 | D        | Reached skill level 15 in Invocations
  1262 | D        | Reached skill level 10 in Armour
  1390 | D        | Killed an unseen horror
  1390 | D        | Reached ****** piety under Makhleb
  1391 | D        | Reached skill level 16 in Invocations
  1397 | D        | Noticed a death yak
  1397 | D        | Noticed a deep elf pyromancer
  1401 | D        | Killed a death yak
  1402 | D        | Reached skill level 17 in Invocations
  1402 | D        | Reached XP level 10. HP: 83/97 MP: 22/22
  1402 | D        | Killed a deep elf pyromancer
  1410 | D        | Noticed an orange demon
  1415 | D        | Reached skill level 18 in Invocations
  1417 | D        | Killed an orange demon
  1421 | D        | Noticed a molten gargoyle
  1425 | D        | Killed a molten gargoyle
  1433 | D        | Noticed a molten gargoyle
  1433 | D        | Noticed a rust devil
  1433 | D        | Killed an unseen horror
  1436 | D        | Killed a rust devil
  1437 | D        | Killed a molten gargoyle
  1438 | D        | Reached skill level 19 in Invocations
  1448 | D        | Noticed a black mamba
  1458 | D        | Killed a black mamba
  1459 | D        | Reached XP level 11. HP: 43/107 MP: 24/24
  1466 | D        | Noticed a centaur warrior
  1466 | D        | Noticed a flayed ghost
  1466 | D        | Noticed a vampire knight
  1472 | D        | Killed a flayed ghost
  1475 | D        | Killed a vampire knight
  1476 | D        | Killed a centaur warrior
  1477 | D        | Reached skill level 20 in Invocations
  1487 | D        | Noticed a five-headed hydra
  1493 | D        | Reached skill level 15 in Axes
  1512 | D        | HP: 4/108 [poisoned by a black mamba]
  1516 | D        | Killed a five-headed hydra
  1528 | D        | HP: 1/110 [steam dragon/ball of steam (8)]
  1852 | D        | Noticed Maurice
  1860 | D        | Killed Maurice
  1861 | D        | Reached skill level 21 in Invocations
  1896 | D        | Got the amulet "Zeagge" {Faith rF+++ Will- Str+7 Dex-4}
  1898 | D        | Got the Parchment of Nival Intoxication
  2007 | D        | Noticed a hell hog
  2008 | D        | Noticed a hell hog
  2008 | D        | Noticed a hell hog
  2008 | D        | Noticed an ogre mage
  2011 | D        | Noticed a two-headed ogre
  2011 | D        | Noticed a two-headed ogre
  2015 | D        | Killed a hell hog
  2017 | D        | Killed a hell hog
  2019 | D        | Killed an ogre mage
  2020 | D        | Killed a hell hog
  2020 | D        | Killed a two-headed ogre
  2021 | D        | Reached skill level 15 in Fighting
  2021 | D        | Reached skill level 22 in Invocations
  2021 | D        | Reached XP level 12. HP: 86/119 MP: 25/27
  2021 | D        | Killed a two-headed ogre
  2029 | D        | Noticed a two-headed ogre
  2035 | D        | Killed a two-headed ogre
  2042 | D        | Noticed an emperor scorpion
  2051 | D        | Killed an emperor scorpion
  2061 | D        | Noticed a vampire mage
  2071 | D        | Reached skill level 23 in Invocations
  2071 | D        | Killed a vampire mage
  2083 | D        | Noticed a large abomination
  2088 | D        | Killed a large abomination
  2104 | D        | Noticed a vampire mage
  2108 | D        | Noticed a jiangshi
  2114 | D        | Killed a vampire mage
  2115 | D        | Reached skill level 15 in Shields
  2167 | D        | Noticed a death cob
  2167 | D        | Noticed an ettin
  2167 | D        | Noticed a deep elf master archer
  2170 | D        | Reached skill level 15 in Armour
  2170 | D        | Killed an ettin
  2170 | D        | Killed a death cob
  2171 | D        | Reached skill level 24 in Invocations
  2173 | D        | Shot with an arrow by a deep elf master archer

Illustrated notes

Levels and vault maps discovered:
D:        pitsprint [storerooms_1, entrance_room_1, metal_vault_2, armoury_1,
          mini_pit_1, grid_room_1, main_hall_1, silver_pit, the_coven_3,
          the_vestibule_1, steel_vault_5, golden_pit, hallway_of_sentries,
          crystal_vault_6, iron_vault_3, final_vault]

Skill      XL: |  1  2  3  4  5  6  7  8  9 10 11 12 |
---------------+-------------------------------------+-----
Fighting       | 5 6 7 8 9 10 11 13 15 16 | 16.6
Axes           | 5 6 7 8 9 10 12 14 16 17 | 17.8
Armour         | 5 6 7 8 9 10 12 14 15 | 15.3
Shields        | 5 6 7 8 9 11 12 14 15 | 15.3
Invocations    | 6 8 9 11 12 14 17 19 22 24 | 24.1

Action                     |  1- 3 |  4- 6 |  7- 9 | 10-12 || total
---------------------------+-------+-------+-------+-------++-------
  Melee: War axe           |     4 |    31 |    91 |       ||   126
         Broad axe         |       |       |     7 |    66 ||    73
 Invoke: Major Destruction |       |       |     2 |     6 ||     8
         Greater Servant o |       |       |     1 |     8 ||     9
         Lesser Servant of |       |       |     1 |       ||     1
    Use: Potion            |       |       |    10 |     9 ||    19
         Scroll            |       |       |     1 |     3 ||     4
   Stab: Distracted        |       |       |     1 |     1 ||     2
 Armour: Scale mail        |       |    12 |       |       ||    12
         Chain mail        |       |     2 |    51 |    86 ||   139
  Dodge: Dodged            |       |    15 |    36 |    40 ||    91
  Block: Buckler           |       |    13 |    47 |    41 ||   101

Table legend: (Time is in decaauts)
 A = Elapsed time spent in this place.
 B = Non-inter-level travel time spent in this place.
 C = Inter-level travel time spent in this place.
 D = Time resting spent in this place.
 E = Time spent auto-exploring this place.
 F = Levels seen in this place.
 G = Mean time per level.
                   A        B        C        D        E       F      G
               +--------+--------+--------+--------+--------+-----+--------+
         Total |   2149 |   2097 |     52 |   1205 |      0 |   1 | 2149.0 |
       Dungeon |   2149 |   2097 |     52 |   1205 |      0 |   1 | 2149.0 |
               +--------+--------+--------+--------+--------+-----+--------+

Top non-repeatable levels by time:
       D: 2149 daAuts
